AoeStats
← [AirBo]一大包

Arena

507527200Analyzed
3v3 RM · 12d ago on Sep 18, 2026· 37m 32s· 6 players
Game mode
Random Map
Map size
Normal (6 player)
Population
200
Speed
Normal
Resources
Standard
Victory
Conquest
Starting age
Dark Age
Ending age
Imperial Age
RankedLock teamsTeams togetherTeam positionsShared explorationLock speedFull tech treeHidden civsTurbo modeCheats
Victory
Defeat
🇹🇼 Muisca · Taiwan
1615
+13
🇹🇼 Persians · Taiwan
1601
+13
🇹🇼 Bohemians · Taiwan
1575
+14
🇦🇷 Burgundians · Argentina
1569
-15
🇦🇷 Bengalis · Argentina
1563
-14
🇵🇪 Poles · Peru
1479
-11
Alex Kriz Froz
5:52 Loom
8:43 Feudal Age
9:16 Double-Bit Axe
9:29 Town Watch
11:44 Wheelbarrow
14:41 Horse Collar
21:24 Castle Age
30:51 Crossbowman
32:57 Thumb Ring
33:50 Hand Cart
34:51 Fletching
DL | Lich
5:27 Loom
5:38 Loom
8:32 Feudal Age
9:24 Double-Bit Axe
9:20 Horse Collar
9:39 Town Watch
16:05 Wheelbarrow
20:32 Castle Age
22:43 Bow Saw
31:59 Imperial Age
29:53 Fletching
30:26 Ballistics
30:08 Padded Archer Armor
30:29 Bodkin Arrow
32:12 Hand Cart
32:41 Bracer
33:43 Chemistry
33:12 Leather Archer Armor
33:19 Conscription
33:57 Bloodlines
36:39 Ring Archer Armor
37:38 Paiks
Cyndaquil
4:48 Double-Bit Axe
6:46 Horse Collar
12:17 Feudal Age
16:21 Castle Age
14:36 Bow Saw
14:32 Heavy Plow
15:18 Gold Mining
18:36 Two-Man Saw
17:01 Light Cavalry
19:16 Wheelbarrow
18:34 Town Watch
22:33 Loom
29:04 Imperial Age
26:50 Hand Cart
27:31 Crop Rotation
27:27 Hand Cart
28:09 Scale Barding Armor
27:27 Cavalier
29:42 Chain Barding Armor
29:57 Paladin
31:44 Chemistry
31:28 Husbandry
32:33 Plate Barding Armor
32:15 Forging
31:42 Hussar
34:48 Iron Casting
36:36 Squires
36:22 Arson
37:38 Blast Furnace
[AirBo]出氣包
8:20 Loom
10:54 Feudal Age
15:56 Castle Age
16:51 Double-Bit Axe
25:16 Bow Saw
29:29 Imperial Age
29:42 Chemistry
[AirBo]一大包
10:28 Feudal Age
13:55 Castle Age
11:45 Double-Bit Axe
12:13 Horse Collar
16:02 Wheelbarrow
20:54 Bow Saw
20:49 Loom
21:41 Gold Mining
27:10 Imperial Age
25:08 Scale Barding Armor
26:06 Gold Shaft Mining
25:21 Stone Mining
25:42 Heavy Plow
26:18 Forging
27:25 Chain Barding Armor
27:41 Iron Casting
26:49 Cavalier
27:40 Bloodlines
27:31 Husbandry
28:15 Iron Casting
28:26 Husbandry
30:01 Plate Barding Armor
30:26 Blast Furnace
29:35 Savar
33:08 Blast Furnace
甜心包
9:34 Feudal Age
8:47 Loom
14:06 Castle Age
13:06 Double-Bit Axe
13:30 Horse Collar
23:12 Gold Mining
23:39 Town Watch
23:51 Town Watch
25:00 Sanctity
27:29 Imperial Age
25:24 Sanctity
28:06 Fervor
28:28 Block Printing
28:49 Theocracy
28:47 Illumination
31:03 Redemption
36:15 Herbal Medicine
Connection lost

Rejoining the realm…

Still unreachable

The connection could not be restored.

Session expired

The server has moved on; the page needs a fresh start.